[Event "Mongolian Championship Open 2022"]
[Site "Chingis Khentii"]
[Date "2022.05.15"]
[Round "2.4"]
[White "Battulga, Namkhai"]
[Black "Gan-Erdene, Sugar"]
[Result "1-0"]
[ECO "B48"]
[WhiteElo "2402"]
[BlackElo "2419"]
[Annotator "TA"]
[PlyCount "57"]
[EventDate "2022.05.12"]
[EventType "tourn"]
[EventCountry "MGL"]
[SourceTitle "playchess.com"]
[Source "ChessBase"]
[SourceQuality "1"]
[TimeControl "40/5400+30:1800+30"]

1. e4 c5 2. Nf3 e6 3. d4 cxd4 4. Nxd4 Nc6 5. Nc3 Qc7 6. Be3 a6 7. Qd2 Nf6 8. f3 Ne5 9. O-O-O Bb4 {[%emt 0:00:30] 9...Bb4 scores better than 9...b5.} 10. Nb3 b5 11. Bd4 Be7 {[%emt 0:00:30] B48: Sicilian: Taimanov: 5 Nc3 Qc7 6 Be3 a6 without Be2.} 12. Qf2 d6 13. g4 O-O {[%emt 0:00:30] The position is equal.} 14. g5 Nfd7 15. f4 b4 16. Na4 {[%emt 0:00:30] [#]} Ng4 $146 (16... Nc4 $11) ({Predecessor:} 16... Nc4 17. Qe2 Ncb6 18. Nxb6 Nxb6 19. Qf2 Nc4 20. Qe2 Na5 21. Kb1 e5 22. Be3 exf4 23. Bxf4 Nxb3 24. cxb3 {½-½ (24) Khairullin,I (2538)-Lindberg,B (2419) Pardubice 2006}) 17. Qg3 Qc6 (17... Bb7 $11 {remains equal.}) 18. Qxg4 $16 Qxa4 (18... e5 $142) 19. f5 $1 $36 {[%emt 0:00:30][%mdl 2048] White has strong initiative. White is more active.} e5 (19... exf5 $16 {was worth a try.} 20. exf5 Ne5 21. Bxe5 dxe5) 20. Be3 $1 $18 {[%emt 0:00:30] Strongly threatening Rg1.} Qxa2 $2 (20... Qc6 $16 {keeps fighting.}) 21. Bc4 {[%emt 0:00:30] Threatens to win with Rhg1.} Kh8 22. Qh5 $2 (22. Bd5 $18 {is the precise move to win.}) 22... Bb7 $16 {[%emt 0:00:30] [#]} 23. Bxf7 (23. g6 $2 Nf6 24. Qh4 Bxe4 $19) (23. f6 $1 $16 gxf6 24. Qh3) 23... Rxf7 24. Qxf7 $18 Bxe4 25. f6 ({And not} 25. Qxe7 {[#]} Rc8 $1 26. Rxd6 (26. Nd4 $2 exd4 27. Kd2 dxe3+ 28. Kxe3 Bxf5 $19) 26... Rxc2+ 27. Kd1 Qb1+ 28. Nc1 Rxc1+ 29. Bxc1 Qc2+ 30. Ke1 Qxc1+ 31. Ke2 Qc4+ 32. Ke3 Qb3+ 33. Ke2 (33. Kxe4 Nc5+ 34. Kxe5 Qe3+ 35. Kd5 Qxe7 $11) 33... Qc4+ 34. Kf2 Qc2+ 35. Ke3 Qb3+ 36. Ke2 (36. Kxe4 Nc5+ 37. Kxe5 Qe3+ 38. Kd5 Qxe7 $11) 36... Qf3+ 37. Kd2 Qg2+ 38. Ke3 Qf3+ 39. Kd2 Qg2+ 40. Ke3 Qf3+ 41. Kd2 $11) 25... Bf8 26. Qxd7 Bxh1 27. Rxh1 {[%emt 0:00:30] White mates.} a5 28. g6 a4 {[%emt 0:00:30] [#]} 29. Bh6 $1 {[%emt 0:00:30][%mdl 512] Weighted Error Value: White=0.48/Black=0.77} 1-0

[Event "Mongolian Championship Open 2022"]
[Site "Chingis Khentii"]
[Date "2022.05.15"]
[Round "2.5"]
[White "Batchuluun, Tsegmed"]
[Black "Amilal Munkhdalai"]
[Result "1/2-1/2"]
[ECO "E11"]
[WhiteElo "2536"]
[BlackElo "2033"]
[Annotator "TA"]
[PlyCount "97"]
[EventDate "2022.05.12"]
[EventType "tourn"]
[EventCountry "MGL"]
[SourceTitle "playchess.com"]
[Source "ChessBase"]
[SourceQuality "1"]
[TimeControl "40/5400+30:1800+30"]

1. d4 Nf6 2. c4 e6 3. g3 Bb4+ 4. Bd2 Qe7 5. Nf3 Nc6 6. Nc3 Bxc3 7. Bxc3 Ne4 8. Rc1 Nxc3 9. Rxc3 O-O 10. Bg2 d6 11. d5 Nb8 12. dxe6 fxe6 13. O-O Nc6 {[%emt 0:00:30] E11: Bogo-Indian.} 14. Nd4 Bd7 15. c5 d5 {[%emt 0:00:30] White is slightly better.} 16. e4 Nxd4 17. Qxd4 c6 18. Re3 Qf6 {[%emt 0:00:30] [#]} 19. e5 $146 ({Predecessor:} 19. Qxf6 Rxf6 20. f4 Rff8 21. Bh3 Rfd8 22. Rb3 Rab8 23. Ra3 e5 24. Bxd7 Rxd7 25. fxe5 dxe4 {½-½ (45) Manafov,V (2193)-Tsoi,D (2371) Moscow 2018}) 19... Qe7 20. h4 b6 21. Rc1 Rfb8 22. b3 bxc5 (22... a5 $11) 23. Rxc5 $16 a5 {[%emt 0:00:30] And now ...Rb4 would win.} 24. a3 {[%emt 0:00:30] Against Rb4} Qd8 25. Bf1 Kh8 26. Be2 Be8 27. Rec3 Rb7 28. Bd1 Rab8 29. Bc2 Rb5 30. Rxb5 Rxb5 31. Qa7 Kg8 32. a4 Rb8 33. Qc5 {[%emt 0:00:30] White is much more active.} (33. Kg2 $16) 33... Qc7 $14 34. f4 ({Don't play} 34. Rf3 Bh5 35. Re3 Rd8 $11) 34... Rd8 35. Qd4 Rb8 (35... Rc8 $1 $11) 36. Qc5 (36. Bd1 $16) 36... Rd8 $1 $11 37. Qd4 (37. Bd3 $11) 37... Rb8 $16 38. Kf2 Rc8 39. Rc5 (39. Qc5 $1 $16) 39... Rb8 $1 $11 40. Rc3 (40. Kf1 $11) 40... Rc8 $1 $16 41. Qc5 $1 Rd8 {[%emt 0:30:30] [#]} 42. Bd1 ({White should try} 42. Bd3 $1 $16) 42... d4 $11 43. Rd3 Rd5 44. Qc4 {[%emt 0:00:30] Bf3 is the strong threat.} Bg6 $1 45. Rxd4 {[%emt 0:00:30] aiming for Bg4.} Qb6 46. Ke3 h5 47. Qc3 Kh8 48. Qd2 Kg8 {[%emt 0:00:30] [#]} (48... Kh7 $11 {remains equal.}) 49. Qc3 {[%emt 0:01:00] Weighted Error Value: White=0.13 (very precise) /Black=0.09 (flawless)} (49. b4 $1 $16) 1/2-1/2

[Event "Mongolian Championship Open 2022"]
[Site "Chingis Khentii"]
[Date "2022.05.15"]
[Round "2.6"]
[White "Batsuren, Dambasuren"]
[Black "Amartuvshin, Ganzorig"]
[Result "1-0"]
[ECO "E04"]
[WhiteElo "2501"]
[BlackElo "2350"]
[Annotator "TA"]
[PlyCount "158"]
[EventDate "2022.05.12"]
[EventType "tourn"]
[EventCountry "MGL"]
[SourceTitle "playchess.com"]
[Source "ChessBase"]
[SourceQuality "1"]
[TimeControl "40/5400+30:1800+30"]

1. d4 Nf6 2. c4 e6 3. g3 Bb4+ 4. Nd2 O-O 5. Bg2 d5 6. Ngf3 dxc4 7. Qc2 b6 {[%emt 0:06:32] E04: Open Catalan: 5 Nf3.} 8. O-O Bb7 9. Nxc4 Be4 {[%emt 0:03:36] White is slightly better.} 10. Qb3 Nc6 11. Nfe5 {[%emt 0:19:04] [#]} Nxd4 $146 ({Predecessor:} 11... Bxg2 12. Kxg2 Qd5+ 13. f3 Nxd4 14. Qxb4 Nc2 15. Qc3 Nxa1 16. Bd2 Nc2 17. Qxc2 c5 {1-0 (40) Seliverstov,V (2464)-Reshetnikov,A (2492) Moscow 2017}) 12. Qxb4 Nxe2+ (12... Nc2 13. Qc3 Nxa1 14. b3 $14) 13. Kh1 Bxg2+ 14. Kxg2 Qd5+ $1 15. f3 b5 16. Bg5 $1 {[%emt 0:00:22] Rad1 is the strong threat.} bxc4 17. Bxf6 {[%emt 0:00:32] And now Rad1 would win. Dancing on a razor blade.} Rab8 $1 18. Qe7 {[%emt 0:17:27] aiming for Rad1.} gxf6 ({Black should try} 18... Nd4 $1 $11 19. Rad1 Rxb2+ 20. Kh1 c5 21. Bxg7 (21. Nd7 Rc8 $11) 21... Kxg7 22. Qg5+ (22. Nd7 Rc8 $11) 22... Kh8 23. Qf6+ Kg8) 19. Qxf6 $14 Qd8 (19... Rxb2 20. Ng4 (20. Qg5+ Kh8 $16) 20... Nd4+ 21. Kh1 $16) 20. Qxd8 (20. Ng4 {feels hotter.} h5 21. Rfd1 Qxf6 22. Nxf6+ Kg7 23. Nxh5+ Kh6 24. Rd2) 20... Rbxd8 21. Rf2 Nd4 22. Rc1 f6 23. Nxc4 e5 24. Rc3 Nb5 25. Rb3 c6 26. Na5 Nd4 27. Rc3 Rd6 28. f4 exf4 29. Rxf4 Re8 30. Rf2 (30. Nc4 $16 Rd7 31. Rxf6) 30... Ree6 31. b4 ({White should play} 31. Nb3 $16) 31... Kf7 $11 32. Rc5 Kg6 33. Rd2 Nf5 34. Rxd6 Rxd6 {[%emt 0:00:07][%mdl 4096] Endgame KRN-KRN} 35. Nc4 Rd4 36. Kf3 (36. Rxc6 $2 Rxc4 $1 37. Rxc4 Ne3+ 38. Kf3 Nxc4 $19) 36... Ne7 37. a3 Rd1 (37... h5 $11) 38. Ra5 $1 $16 Rd7 39. Ra6 Nf5 40. g4 Nd4+ 41. Kf4 Re7 42. Ne3 Ne2+ 43. Kf3 Nd4+ 44. Kf2 Kg5 45. Ra5+ Kf4 46. Nf5 Nxf5 ({Don't take} 46... Re2+ 47. Kf1 Re4 48. Nxd4 (48. Rxa7 Nb5 $11) 48... Rxd4 49. Ke2 $14 (49. Rxa7 Rd3 $14)) 47. Rxf5+ Kxg4 48. Rxf6 $11 {[%emt 0:00:05] KR-KR} Rc7 49. Ke3 Kg5 (49... h5 $11) 50. Rd6 $16 h5 ({Better is} 50... a5) 51. Kd4 h4 52. h3 (52. a4 $16) 52... Kf4 (52... Rg7 $1 $11 {keeps the balance.}) 53. Rg6 $1 {[%emt 0:00:47] Hoping for Rg4+.} Rd7+ 54. Kc4 {[%emt 0:02:10] Threatens to win with Rg4+.} Rd1 55. Rg4+ ({Much weaker is} 55. Rxc6 $6 Kg3 56. Rg6+ (56. Ra6 Rd7 $11) 56... Kxh3 $11) 55... Ke5 56. Rxh4 {[%emt 0:00:06] Black must now prevent Kc5.} Ra1 {[%emt 0:01:45] [#]} (56... Rc1+ $16 {keeps fighting.} 57. Kb3 Rf1) 57. Kc5 $1 $18 Rxa3 58. Kxc6 (58. Rh5+ $18 {is the precise move to win.} Kf4 59. Kxc6) 58... Rg3 $2 (58... a6 $16 59. Rh5+ Kd4) 59. Kb7 Rg7+ {[%emt 0:00:07] [#]} 60. Ka6 $1 Kd5 61. Rg4 Rh7 62. h4 Kd6 63. Rc4 Ke6 64. h5 Kd5 65. Rh4 (65. Rg4 $142 Rd7 66. h6) 65... Kc6 66. h6 Kd5 67. Rh5+ Kc4 68. b5 Kd4 69. Rh1 Kc5 70. Rh4 Kd5 71. Ka5 Kc5 72. Rh2 Kc4 73. Rh3 Kc5 74. Rc3+ Kd5 75. Ka6 Kd4 76. Rc8 Kd5 77. Rc6 Rf7 78. Rg6 Rh7 79. Rc6 $2 (79. Rg7 $18 Rxh6+ 80. Kxa7) 79... Kd4 $2 {[%emt 0:16:27][%mdl 8192] Weighted Error Value: White=0.13 (very precise) /Black=0.19 (very precise)} (79... Rf7 $1 $11 {and Black has nothing to worry.} 80. Rg6 Kc5) 1-0

[Event "Mongolian Championship Open 2022"]
[Site "Chingis Khentii"]
[Date "2022.05.15"]
[Round "3.1"]
[White "Gundavaa, Bayarsaikhan"]
[Black "Batchuluun, Tsegmed"]
[Result "1/2-1/2"]
[ECO "D41"]
[WhiteElo "2495"]
[BlackElo "2536"]
[Annotator "TA"]
[PlyCount "79"]
[EventDate "2022.05.12"]
[EventType "tourn"]
[EventCountry "MGL"]
[SourceTitle "playchess.com"]
[Source "ChessBase"]
[SourceQuality "1"]
[TimeControl "40/5400+30:1800+30"]

1. d4 Nf6 2. c4 e6 3. Nc3 d5 4. Nf3 c5 5. e3 Nc6 6. cxd5 Nxd5 7. Bc4 Nxc3 8. bxc3 Be7 9. O-O O-O 10. Qe2 {[%emt 0:07:08] D41: Queen's Gambit Declined: Semi-Tarrasch with 5 cxd5.} b6 11. Rd1 Qc7 12. e4 {[%emt 0:06:59] The position is equal.} Bb7 13. d5 exd5 14. Bxd5 {[%emt 0:05:54] [#]} Rad8 $146 ({Predecessor:} 14... Rae8 15. Qe3 Bf6 16. Rb1 Ne7 17. Bxb7 Qxb7 18. e5 Ng6 19. Qxc5 Nxe5 20. Nxe5 Rxe5 21. Qd6 Ra5 22. Ba3 Rc8 23. c4 h6 24. c5 Rxa3 25. c6 Qc7 {0-1 (25) Belotelov,D (2267)-Groszpeter,A (2502) Pardubice 2003}) 15. Bb2 Bf6 16. c4 Bxb2 17. Qxb2 h6 18. Rd2 Rfe8 19. Rad1 Bc8 20. h3 Kf8 21. Rd3 Nb4 22. Re3 Qf4 23. Qb1 Kg8 24. a3 Nxd5 25. cxd5 f6 26. Qc2 Qd6 27. Nh4 Re5 (27... b5 $11) 28. f4 (28. Ng6 $14) 28... Ree8 $11 29. Qf2 g5 $2 ({Better is} 29... c4 $11) 30. e5 $1 $36 {[%emt 0:01:27][%mdl 2048] Black is under strong pressure. White is more active.} ({Don't do} 30. Ng6 $6 c4 $14) 30... fxe5 (30... Qf8 $142) 31. fxg5 $18 hxg5 (31... h5 $142 32. g6 Rf8) 32. Rg3 $1 ({Inferior is} 32. Nf5 Qf6 33. g4 Be6 $1 $15) 32... Qh6 33. Nf3 (33. Nf5 $142 Qf6 34. Qe3 Bxf5 35. Rf1) 33... g4 34. Nh2 Qf4 35. Qe1 ({Less strong is} 35. Nxg4 Qxf2+ 36. Nxf2+ Kh8 $14) 35... Rd6 36. Nxg4 Rg6 {[%emt 0:00:01] Inhibits Nf6+.} 37. Rf3 Qg5 {[%emt 0:00:04] [#]} 38. Rg3 ({White must play} 38. Nf6+ $1 $18 Kh8 39. Qe2 $1) 38... Qf4 $1 $16 39. Rf3 Qg5 {[%emt 0:00:04] [#]} 40. Rg3 {[%emt 0:00:00] Weighted Error Value: White=0.20 (precise) /Black=0.20 (precise)} ({White should try} 40. Nf6+ $1 $16 Kh8 {[#]} 41. Qe2 $1) 1/2-1/2

[Event "Mongolian Championship Open 2022"]
[Site "Chingis Khentii"]
[Date "2022.05.15"]
[Round "3.2"]
[White "Munkhgal, Gombosuren"]
[Black "Bilguun, Sumiya"]
[Result "0-1"]
[ECO "E04"]
[WhiteElo "2502"]
[BlackElo "2454"]
[Annotator "TA"]
[PlyCount "56"]
[EventDate "2022.05.12"]
[EventType "tourn"]
[EventCountry "MGL"]
[SourceTitle "playchess.com"]
[Source "ChessBase"]
[SourceQuality "1"]
[TimeControl "40/5400+30:1800+30"]

1. d4 Nf6 2. c4 e6 3. g3 d5 4. Bg2 dxc4 5. Nf3 Bb4+ 6. Nbd2 {[%emt 0:00:05][%mdl 1024] White has compensation.} b5 {[%emt 0:04:48] Inhibits Qa4. E04: Open Catalan: 5 Nf3.} 7. O-O a5 8. a3 Be7 {[%emt 0:17:50] The position is equal.} 9. a4 ({Better is} 9. b3 $11) 9... c6 $15 10. Ne5 Nd5 (10... Qxd4 $2 11. Nxc6 Qd7 12. axb5 $18) 11. e4 {[%emt 0:08:48] [#]} Nb6 $146 (11... Nb4 $5 12. d5 exd5 13. exd5 cxd5 $11) ({Predecessor:} 11... Nf6 12. Ng4 Nxg4 13. Qxg4 h5 14. Qe2 e5 15. dxe5 Na6 16. e6 Bxe6 17. e5 Nb4 18. axb5 cxb5 {0-1 (36) Tabatabaei,M (2639)-Alekseenko,K (2710) Riga 2021}) 12. Qg4 O-O 13. Ndf3 (13. axb5 $15 cxb5 14. Ndf3) 13... Kh8 (13... Nxa4 $17 14. h4 (14. Bh6 Bf6 $17) 14... c3 15. bxc3 (15. Bh6 Bf6 $17) 15... Nxc3) 14. Qh5 $1 $11 Qe8 {[%emt 0:01:10] Strongly threatening ...f6.} 15. Nh4 (15. axb5 $11 {remains equal.} cxb5 16. Ng5 Bxg5 17. Bxg5) 15... Nxa4 $17 16. f4 Bxh4 (16... c5 $17 {And now ...Bxh4 would win.} 17. d5 Ra6) 17. Qxh4 $11 f6 18. Nxc4 bxc4 19. Rxa4 c5 $1 $36 {[%emt 0:00:28][%mdl 2048] White is under pressure.} 20. Rxc4 Ba6 21. Rxc5 {[%emt 0:00:03][%cal Oc5h5] aiming for Rh5!} Bxf1 22. Bxf1 {[%emt 0:04:06] [#]} ({White should play} 22. Rh5 $1 $15 Be2 23. Rxh7+ Kg8 24. Kf2) 22... f5 $1 $17 23. exf5 Nd7 24. f6 Nxf6 25. Bd2 Qg6 {[%emt 0:01:40] Threatens to win with ...Qe4.} 26. Bxa5 $2 {[%emt 0:00:36][%mdl 8192] [#]} (26. Qg5 $17 Qxg5 27. fxg5) 26... Qe4 $19 {[%emt 0:00:29] Black is clearly winning.} 27. f5 Qe3+ 28. Kh1 Ne4 {[%emt 0:02:09] Weighted Error Value: White=0.87/Black=0.37} (28... Qf3+ $142 29. Kg1 Ng4) 0-1

[Event "Mongolian Championship Open 2022"]
[Site "Chingis Khentii"]
[Date "2022.05.15"]
[Round "3.3"]
[White "Amilal Munkhdalai"]
[Black "Agibileg, Uurtsaikh"]
[Result "0-1"]
[ECO "B44"]
[WhiteElo "2033"]
[BlackElo "2440"]
[Annotator "TA"]
[PlyCount "72"]
[EventDate "2022.05.12"]
[EventType "tourn"]
[EventCountry "MGL"]
[SourceTitle "playchess.com"]
[Source "ChessBase"]
[SourceQuality "1"]
[TimeControl "40/5400+30:1800+30"]

1. e4 c5 2. Nf3 e6 3. d4 cxd4 4. Nxd4 Nc6 5. Nb5 d6 6. c4 Nf6 7. N1c3 a6 8. Nd4 {[%emt 0:00:06] is now more promising than 8.Na3.} Bd7 9. Be3 {[%emt 0:00:24] B44: Sicilian: Taimanov: 5 Nb5.} Rc8 10. Nxc6 Bxc6 11. Bd3 {[%emt 0:00:07] The position is equal.} Be7 12. O-O O-O 13. Qe2 Nd7 {[%emt 0:10:46] [#]} 14. b4 $146 ({Predecessor:} 14. Rac1 Bf6 15. Rfd1 Qa5 16. Qd2 Nc5 17. Nd5 Qd8 18. Nxf6+ Qxf6 19. b3 Nxe4 20. Bxe4 Bxe4 21. Qxd6 {½-½ (43) Turoczi,P (1717)-Quinones Borda,J (2267) LSS email 2017}) 14... Ne5 15. Rac1 f5 16. exf5 Nxd3 (16... exf5 17. f4 Nxd3 18. Qxd3 $16) 17. Qxd3 Rxf5 18. a4 Bf8 19. b5 axb5 20. axb5 Be8 21. Rfd1 Qh4 22. Ne2 Rh5 (22... Bg6 $11 23. Qb3 Rf7) 23. h3 $14 d5 (23... Qe7 $14) 24. c5 ({Much worse is} 24. cxd5 $6 Rxc1 25. Rxc1 Rxd5 $11) (24. Nf4 $16) 24... Rf5 (24... Qa4 $11 {remains equal.}) 25. Nd4 Rf6 26. c6 bxc6 27. Nxc6 Rc7 {[%emt 0:00:30] Prevents Ne7+.} (27... Bxc6 $16 28. Rxc6 Rxc6 29. bxc6 Bd6) 28. Qb3 (28. Bd4 $18) 28... Bd6 $16 29. Na5 $2 (29. Rd4 $14 {keeps the upper hand.} Qh5 30. Ra4) 29... Rg6 $1 $17 {[%emt 0:01:45] ...Qxh3 is the strong threat.} 30. Kf1 {[%emt 0:08:31] Hoping for Rxc7.} Qe4 $2 (30... Rf7 $1 $19 31. Rc8 Rf8) 31. f3 (31. Rxc7 $1 $11 {and White has nothing to worry.} Bxc7 32. f3) 31... Qe5 $1 $19 {[%emt 0:01:09] And now ...Qh2 would win.} (31... Bxb5+ $2 32. Qxb5 Qxe3 33. Qe8+ Bf8 34. Rxc7 $18) 32. Rxc7 {[%emt 0:02:33] [#]} Bxc7 $40 {[%emt 0:01:46][%mdl 128] Black mounts an attack.} (32... Qh2 $1 $19 33. Rc2 Qh1+ 34. Ke2 (34. Bg1 $2 Bc5 $19) 34... Rxg2+ 35. Bf2 {[#]} Rxf2+ $1 36. Kxf2 Qxd1) 33. b6 $2 (33. Nc6 $11 Bxc6 34. bxc6) 33... Qh2 34. g4 Rf6 (34... Bg3 $142 {( -> ...Rf6)} 35. Rd2 Qh1+ 36. Bg1 Rf6) 35. Bf2 $2 {[%emt 0:00:55] [#]} (35. bxc7 Bb5+ 36. Rd3 Bxd3+ 37. Qxd3 Rxf3+ 38. Ke1 Qxc7 39. Ke2) 35... Bb5+ $1 {[%emt 0:01:26][%mdl 512] A strong pair of Bishops.} 36. Ke1 {[%emt 0:00:35] [#]} (36. Qxb5 Qh1+) 36... Bxb6 $1 {[%emt 0:00:27][%mdl 512] Weighted Error Value: White=0.95/Black=0.49} 0-1

[Event "Mongolian Championship Open 2022"]
[Site "Chingis Khentii"]
[Date "2022.05.15"]
[Round "3.4"]
[White "Amartuvshin, Ganzorig"]
[Black "Battulga, Namkhai"]
[Result "1/2-1/2"]
[ECO "D15"]
[WhiteElo "2350"]
[BlackElo "2402"]
[Annotator "TA"]
[PlyCount "141"]
[EventDate "2022.05.12"]
[EventType "tourn"]
[EventCountry "MGL"]
[SourceTitle "playchess.com"]
[Source "ChessBase"]
[SourceQuality "1"]
[TimeControl "40/5400+30:1800+30"]

1. d4 d5 2. c4 c6 3. Nc3 Nf6 4. e3 a6 5. Nf3 b5 6. c5 {[%emt 0:01:52] D15: Slav Defence: 4 Nc3 a6 and gambit lines after 4 Nc3 dxc4.} g6 7. Qb3 a5 8. Ne5 Bg7 (8... a4 $5 9. Qc2 Bg7 $11) 9. Be2 O-O 10. O-O {[%emt 0:00:05] [#]} Be6 $146 ({Predecessor:} 10... Qc7 11. Rd1 Bf5 12. Bd2 Na6 13. Nxc6 Qxc6 14. Bxb5 Qe6 15. Na4 Nc7 16. Nb6 Ra7 {0-1 (28) Voiteanu,C (2298)-Diaz Nunez,A (2225) Calvia 2012}) 11. Bd2 Ne4 12. Qc2 (12. Nxe4 dxe4 13. Qc2 f6 14. Nxc6 (14. Bg4 $2 Bd5 $19) 14... Nxc6 $17) 12... f6 13. Nf3 (13. Nxe4 dxe4 14. Nxc6 (14. Bg4 $2 Bd5 $19) 14... Nxc6 $17) 13... f5 (13... Nxd2 $17 14. Nxd2 Bf7) 14. Be1 Nd7 15. Nd2 Nxd2 16. Qxd2 Bf7 17. f4 $1 {[%emt 0:00:26] Prevents e5.} Nf6 18. Bh4 Ne4 19. Qe1 Qd7 20. a3 Bf6 21. Nxe4 dxe4 22. Bxf6 exf6 23. b4 (23. a4 $5 b4 24. Rc1 $11) 23... a4 24. Rc1 Bd5 25. Qh4 h5 26. h3 Kf7 27. Rf2 Rh8 28. Bf1 Rag8 29. Rfc2 (29. Be2 $15) 29... Qc7 $17 30. Rd2 (30. Kh1 $17) 30... Ke6 31. Qf2 h4 32. Be2 Ke7 33. Rf1 Rf8 34. Bd1 Kd8 35. g4 (35. Qe1 $17) 35... hxg3 $1 $19 36. Qxg3 Rh6 37. Rh2 Rfh8 38. Kf2 (38. h4 $17 {was necessary.}) 38... Qh7 39. Rg1 Bf7 40. Rgh1 Bg8 41. Be2 Kc7 (41... Ke7 $19 42. Qg1 Qf7) 42. Rd1 (42. Qg1 $17) 42... Qd7 {[%emt 0:02:21] White must now prevent ...Qd5.} 43. d5 (43. Rb1 $17 {was called for.}) 43... Bxd5 44. Ke1 Qf7 45. Bf1 Rd8 46. Rhd2 Rhh8 47. Rg2 $2 (47. Be2 {is a better defense.}) 47... Bc4 48. Rxd8 (48. Rd6 $142 Rxd6 49. cxd6+ Kxd6 50. Qxg6 Qxg6 51. Rxg6 Bxf1 52. Kxf1) 48... Rxd8 (48... Kxd8 49. Bxc4 bxc4 50. Qxg6 Qxg6 51. Rxg6 $11) 49. Qxg6 {[%emt 0:00:10] [#]} Qd5 $1 50. Qh5 {[%emt 0:00:14] Against Qd1+} Rd7 51. Bxc4 Qxc4 52. Qxf5 {[%emt 0:00:27][%mdl 4096] Endgame KQR-KQR} Qc3+ 53. Kf2 Qd2+ {[%emt 0:00:54][%mdl 64] Deflection} 54. Kg1 Qxe3+ 55. Kh2 Qd4 56. Re2 (56. Qg4 $142 e3 57. h4) 56... e3 {[%emt 0:01:00] Hoping for ...Rg7.} (56... Rg7 57. Rg2 Rd7 58. h4 $19) 57. Kg3 Rg7+ 58. Kf3 Qd1 {[%emt 0:00:29] ( -> ...Qf1+)} 59. Qxf6 (59. Qe6 $142 Qf1+ 60. Kxe3) 59... Qd5+ 60. Kxe3 {[%emt 0:00:17] [#]} Rg3+ (60... Qb3+ $1 $19 61. Ke4 Qc4+ 62. Kf3 Qd3+ 63. Re3 Qd1+ 64. Re2 (64. Kf2 Qg1+ 65. Ke2 Rg2+ 66. Kf3 Rg3+ 67. Ke4 Qxe3+ 68. Kf5 Qd3+ 69. Ke6 Qd7+ 70. Ke5 Re3#) 64... Qd3+ 65. Re3 Qd5+ 66. Re4 Qb3+ 67. Re3 Qd5+ 68. Re4 Qb3+ 69. Re3 Qd5+) 61. Kf2 $11 {[%emt 0:00:17] White threatens Re7+ and mate.} Rg2+ 62. Ke1 Rg1+ 63. Kf2 {[%emt 0:00:06] Intending Re7+ and mate.} Qg2+ {[%emt 0:00:47] The position is equal.} 64. Ke3 Qxh3+ 65. Kd2 {[%emt 0:01:04] Dancing on a razor blade.} (65. Ke4 Rd1 66. Re3 (66. Qe7+ $2 Rd7 $19) 66... Qh7+ 67. f5 Qh1+ 68. Rf3 (68. Kf4 $2 Rf1+ 69. Kg5 Rg1+ 70. Kf4 Rf1+ 71. Kg5 Rg1+ 72. Kf4 Rf1+ $19) 68... Re1+ 69. Kf4 Qh2+ 70. Rg3 Qf2+ 71. Rf3 (71. Kg4 Re4+ 72. Kh5 Qxg3 73. Qf7+ Kc8 74. Qf6 Qh3+ 75. Kg6 Rg4+) 71... Qd2+ 72. Kg4 Rg1+ 73. Kh5 (73. Rg3 Qe2+ 74. Kf4 Qf2+ 75. Rf3 Qh2+ 76. Ke4 Re1+ 77. Re3 Qg2+ 78. Kf4 Rf1+) 73... Rh1+ 74. Kg4 Qg2+ 75. Kf4 Qh2+ 76. Rg3 Qd2+ 77. Kg4 Qe2+ 78. Kg5 Qh5+ 79. Kf4 Rf1+ 80. Ke3 Qe8+ 81. Qe6 Re1+ 82. Kf2 Rxe6 $19) 65... Qd7+ 66. Kc3 Rg3+ 67. Kb2 Rb3+ 68. Kc1 {[%emt 0:00:57] And now Re7 would win.} Rb1+ {[%emt 0:00:01][%mdl 64] Decoy} 69. Kxb1 {[%emt 0:00:15] Re7 would kill now.} Qd1+ 70. Kb2 {[%emt 0:00:26] Threatening mate with Re7+.} Qxe2+ 71. Kc1 {[%emt 0:00:44] And White is the lucky defender.  Weighted Error Value: White=0.52/Black=0.26 (precise)} 1/2-1/2

[Event "Mongolian Championship Open 2022"]
[Site "Chingis Khentii"]
[Date "2022.05.15"]
[Round "3.5"]
[White "Enkhnar, Enkhbaatar"]
[Black "Batsuren, Dambasuren"]
[Result "1/2-1/2"]
[ECO "D38"]
[WhiteElo "2368"]
[BlackElo "2501"]
[Annotator "TA"]
[PlyCount "61"]
[EventDate "2022.05.12"]
[EventType "tourn"]
[EventCountry "MGL"]
[SourceTitle "playchess.com"]
[Source "ChessBase"]
[SourceQuality "1"]
[TimeControl "40/5400+30:1800+30"]

1. d4 Nf6 2. c4 e6 3. Nf3 d5 4. Nc3 Bb4 5. Bg5 h6 6. Bxf6 Qxf6 7. e3 O-O 8. Bd3 dxc4 9. Bxc4 {[%emt 0:00:14] The position is equal.} b6 {[%emt 0:00:29] D38: Queen's Gambit Declined: Ragozin Defence (4 Nf3 Bb4).} 10. Qb3 Bxc3+ 11. Qxc3 Bb7 12. Be2 Rc8 13. O-O c5 14. Rac1 Nd7 15. Rfd1 {[%emt 0:01:17][%cal Bf1d1,Bd1c1,Bc1c7][%mdl 32] [#]} cxd4 $146 ({Predecessor:} 15... a5 16. dxc5 Qxc3 17. Rxc3 Nxc5 18. Bb5 Ne4 19. Rxc8+ Rxc8 20. Ne1 Bd5 21. f3 Nd6 22. Be2 f5 23. Kf2 Kf8 {0-1 (23) Benone,M (1816)-Denisov,T (1953) FICGS email 2020}) 16. Qxd4 Rxc1 17. Rxc1 Bxf3 18. Bxf3 ({But not} 18. gxf3 Qxd4 19. exd4 Rd8 $15) 18... Rd8 {[%emt 0:01:14] White must now prevent ...Ne5.} 19. Qxf6 Nxf6 $11 {[%emt 0:00:16][%mdl 4096] Endgame KRB-KRN} 20. Rc7 Rd7 21. Rc8+ Kh7 22. Rc2 {[%emt 0:00:19] Against Rd2} g5 23. h3 Kg7 24. Kf1 Ng8 25. Ke2 Ne7 26. b4 Ng6 27. Rc8 Ne7 28. Ra8 Nf5 29. a4 Rc7 30. Kd3 Nh4 31. Ke4 {[%emt 0:48:12] Weighted Error Value: White=0.02 (flawless) /Black=0.02 (flawless)} (31. Be4 $11) 1/2-1/2